Match 27788543
Unlisted

Match 27788543
End
Engineer Squad
Selects Airborne Battlegroup
Selects Heavy Machine Gun Paradrop
Heavy Machine Gun Paradrop
Construct Barracks
M1 Mortar Team
Construct Weapon Support Center
Grenade Package
Bazooka Squad
Selects Paratrooper Squad Paradrop
Infantry Support Center
Construct Medical Station
M3 Armored Personnel Carrier
Riflemen Squad
Heavy Machine Gun Paradrop
Improved M9 Bazooka Rockets
Selects Recon Loiter
Recon Loiter
M1918 Browning Automatic Rifles
Bazooka Squad
Advanced Logistics
Engineer Squad
Munitions Surplus
Selects Paradrop Reinforcements
Paratrooper Squad Paradrop
M1 Mortar Team
Riflemen Squad
M1 Mortar Team
Engineer Squad
Selects Dual P-47 Rocket Strike
Dual P-47 Rocket Strike
Engineer Squad
Survival Training
Paratrooper Squad Paradrop
Bazooka Squad
Demolitions Package
1⁄4-ton 4x4 Truck
Selects Anti-tank Gun Team Paradrop
M1 Mortar Team
Heavy Machine Gun Paradrop
HISTORYofBASTARDS
Johogra
f2bfacd7
iAinEng
Der echte
Steady
xiazi2
wakanda forever
0
0

Comments sign in to comment!

No comments posted yet!